 Dungeon Crawl Stone Soup version 0.31-a0-219-g8d62b2e7bb (webtiles) character file.

Game seed: 15392064494373082286

1667 qw the Cleaver (level 9, -1/56 HPs)
             Began as a Gargoyle Fighter on July 3, 2023.
             Was a Follower of Okawaru.
             Slain by a wight
             ... wielding a +0 battleaxe
              (6 damage)
             ... on level 6 of the Dungeon.
             The game lasted 00:02:49 (5375 turns).

qw the Cleaver (Gargoyle Fighter)                   Turns: 5375, Time: 00:02:49

Health: -1/56      AC: 21    Str: 24    XL:     9   Next: 1%
Magic:  7/9        EV: 10    Int:  9    God:    Okawaru [*.....]
Gold:   420        SH:  5    Dex:  9    Spells: 8/8 levels left

rFire   . . .        Y - +4 war axe
rCold   . . .        c - +0 buckler
rNeg    + . .        e - +0 chain mail
rPois   inf          (no helmet)
rElec   +            (no cloak)
rCorr   .            m - +2 pair of gloves
SInv    .            (no boots)
Will    .....        (no amulet) Stlth
                     (no ring)
HPRegen 0.29/turn    (no ring)
MPRegen 0.11/turn

%: no passive effects
@: heroic
A: sickness immunity, AC +6, negative energy resistance 1, electricity
resistance, torment resistance 1, petrification resistance
a: Renounce Religion, Heroism


You were on level 6 of the Dungeon.
You worshipped Okawaru.
Okawaru was aware of your devotion.
You visited 2 branches of the dungeon, and saw 7 of its levels.

You collected 420 gold pieces.


Innate Abilities, Weirdness & Mutations

You are immune to sickness and miasma.
Your stone body is resilient. (AC +6)
You are immune to poison.
You resist negative energy. (rN+)
You are resistant to electric shocks. (rElec)
You are resistant to unholy torment.
You are immune to petrification.


   Skills:
 - Level 6.5(11.5) Fighting
 + Level 8.2(13.2) Axes
 - Level 5.3(10.3) Armour
 - Level 1.2(6.2) Dodging
 - Level 3.2(8.2) Shields
 + Level 1.2 Invocations


You had 8 spell levels left.
You didn't know any spells.
Your spell library was empty.

Inventory:

Hand Weapons
 j - a +0 flail of protection
 Y - a +4 war axe (weapon)
Armour
 c - a +0 buckler (worn)
 e - a +0 chain mail (worn)
 m - a +2 pair of gloves (worn)
 n - a +1 robe of resistance
Jewellery
 a - an amulet of guardian spirit
Scrolls
 g - a scroll of identify
Potions
 b - 3 potions of lignification
 d - a potion of might
 f - a potion of degeneration {unknown}
 h - 3 potions of attraction
 i - a potion of heal wounds {unknown}
 k - 2 potions of mutation
 l - a potion of curing {unknown}
 p - a potion of brilliance {unknown}

Dungeon Overview and Level Annotations

Branches:
Dungeon (6/15)             Temple (1/1) D:5

Altars:
Ashenzari
Cheibriados
Dithmenos
Elyvilon
Hepliaklqana
Makhleb
Nemelex Xobeh
Okawaru
Qazlal
Ru
Sif Muna
Uskayaw
Vehumet
Wu Jian
Yredelemnul
Zin
The Shining One


Message History

The black bear growls angrily.
You slash Maggie!
Maggie is almost dead.
Maggie mumbles some strange words.
Maggie draws you further into her thrall.
You hit Maggie but do no damage.
Maggie is almost dead.
Maggie barely misses you.
You hit Maggie.
Maggie is almost dead.
Maggie hits you but does no damage.
You slash Maggie!
You are no longer entranced.
You kill Maggie!
Okawaru is honoured by your kill.
You can now gain great but temporary skills.
Your Armour skill gained 2 levels and is now at level 5!
You have reached level 9!
Your experience leads to an increase in your attributes!
Increase (S)trength, (I)ntelligence, or (D)exterity?
You feel stronger. x2
5371 ||| FLEEEEING.
A wight comes into view. It is wielding a +0 battleaxe.
5372 ||| INVOKING Heroism.
You gain the combat prowess of a mighty hero.
The wight barely misses you.
You closely miss the wight. The wight hits you with a +0 battleaxe!
You hit the wight.
The wight is moderately damaged.
You slash the black bear! You block the wight's attack.
A wight comes into view. It is wielding a +4 long sword.
The black bear barely misses you.
The black bear claws you but does no damage. x2
You slash the wight!
The wight is almost destroyed.
You slash the black bear! The wight hits you with a +0 battleaxe.
You die...

z......................#
.......................#
................#.....##
...............##..#####
...............#....##.##
..#........##..##.......##
...##......)##..#.........##
...........h##.........#...#
#.....z....z@.#.....#..##...#
##....z................####..#
#.............................
.#.....#..z.##....%.....###....
>....#.#...............## ###.#
......................## ###
#.....#................#
.#..................<##
.....#..............##


You could see a black bear and 4 wights.

Vanquished Creatures
  Maggie (D:6)
  A yak (D:5)
  A steam dragon (D:6)
  2 ice beasts (D:5)
  2 scorpions
  6 electric eels (D:5)
  4 hounds
  A gnoll bouda (D:4)
  A jelly (D:5)
  3 iguanas
  Ijyb (D:3)
  Terence (D:2)
  An orc wizard (D:3)
  11 gnolls
  7 adders
  2 shadow imps (D:5)
  A white imp (D:5)
  A worm (D:5)
  2 dart slugs
  8 orcs
  5 ball pythons
  8 endoplasms
  A giant cockroach (D:1)
  5 goblins
  8 hobgoblins
  4 jackals
  6 kobolds
  2 quokkas
  4 bats
  2 frilled lizards
  3 rats
105 creatures vanquished.

Notes
Turn   | Place    | Note
-------+----------+-------------------------------------------
     0 | D:1      | qw the Gargoyle Fighter began the quest for the Orb.
     0 | D:1      | Reached XP level 1. HP: 14/14 MP: 1/1
     0 | D:1      | 0 ||| qw: Version: 0.3-a-40-ge99b1a8
     0 | D:1      | 0 ||| qw: Game counter: 322
     0 | D:1      | 0 ||| qw: Melee chars always use a shield: true
     0 | D:1      | 0 ||| qw: God list: Okawaru
     0 | D:1      | 0 ||| qw: Allow faded altars: false
     0 | D:1      | 0 ||| qw: Do Orc after clearing Dungeon:15 true
     0 | D:1      | 0 ||| qw: Do second Lair branch before Depths: true
     0 | D:1      | 0 ||| qw: Lair rune preference: random
     0 | D:1      | 0 ||| qw: Goals: Normal, Zot:1-4, Slime:5, God:TSO, Crypt,
                  | Tomb, Abyss, Pan, Hells, Win
     0 | D:1      | 0 ||| PLANNING D:1-11
    76 | D:1      | Reached skill level 2 in Axes
   230 | D:1      | 230 ||| Stepping ~*~*~tactically~*~*~ (hiding).
   237 | D:1      | Reached XP level 2. HP: 19/19 MP: 2/2
   318 | D:1      | 318 ||| Stepping ~*~*~tactically~*~*~ (stealth).
   330 | D:1      | 330 ||| Stepping ~*~*~tactically~*~*~ (stealth).
   573 | D:1      | 573 ||| DROPPING +0 whip.
   616 | D:1      | 616 ||| Stepping ~*~*~tactically~*~*~ (hiding).
   724 | D:1      | 724 ||| Stepping ~*~*~tactically~*~*~ (stealth).
   741 | D:1      | 741 ||| Stepping ~*~*~tactically~*~*~ (stealth).
   767 | D:1      | Reached skill level 3 in Axes
   898 | D:1      | 898 ||| READING scroll labelled NANWAU FIALYRCH.
   899 | D:1      | 899 ||| READING 4 scrolls labelled HAUTEF YDGHOLU.
   900 | D:1      | 900 ||| READING 3 scrolls of identify.
   900 | D:1      | 900 ||| IDENTIFYING fizzy grey potion
   991 | D:2      | Reached XP level 3. HP: 20/23 MP: 3/3
   992 | D:2      | 992 ||| FLEEEEING.
  1148 | D:2      | Noticed Terence
  1164 | D:2      | Killed Terence
  1165 | D:2      | Reached XP level 4. HP: 22/28 MP: 4/4
  1190 | D:2      | 1190 ||| DROPPING +0 mace.
  1206 | D:2      | Found a sparkling altar of Nemelex Xobeh.
  1261 | D:2      | 1261 ||| Stepping ~*~*~tactically~*~*~ (stealth).
  1349 | D:2      | 1349 ||| UPGRADING to +0 chain mail.
  1359 | D:2      | 1359 ||| DROPPING +0 scale mail.
  1360 | D:2      | 1360 ||| UPGRADING to +0 pair of gloves.
  1365 | D:2      | 1365 ||| UPGRADING to amulet of guardian spirit.
  1370 | D:2      | 1370 ||| READING scroll labelled BIUCLE ILYUNO.
  1371 | D:2      | 1371 ||| READING 2 scrolls of identify.
  1371 | D:2      | 1371 ||| IDENTIFYING fuming coppery potion
  1438 | D:3      | Found a sacrificial altar of Ru.
  1459 | D:3      | Reached skill level 4 in Axes
  1494 | D:3      | Noticed Ijyb
  1501 | D:3      | Killed Ijyb
  1525 | D:3      | Reached XP level 5. HP: 27/32 MP: 3/5
  1525 | D:3      | 1525 ||| FLEEEEING.
  1526 | D:3      | 1526 ||| FLEEEEING.
  1527 | D:3      | 1527 ||| FLEEEEING.
  1528 | D:3      | 1528 ||| FLEEEEING.
  1531 | D:3      | 1531 ||| FLEEEEING.
  1830 | D:3      | 1830 ||| Stepping ~*~*~tactically~*~*~ (hiding).
  1832 | D:3      | 1832 ||| Stepping ~*~*~tactically~*~*~ (hiding).
  1833 | D:3      | 1833 ||| Stepping ~*~*~tactically~*~*~ (hiding).
  1834 | D:3      | 1834 ||| Stepping ~*~*~tactically~*~*~ (hiding).
  1836 | D:3      | 1836 ||| Stepping ~*~*~tactically~*~*~ (hiding).
  2259 | D:3      | 2259 ||| UPGRADING to +2 pair of gloves.
  2269 | D:3      | 2269 ||| DROPPING +0 pair of gloves.
  2270 | D:3      | 2270 ||| READING scroll labelled LOCAFAUROODO.
  2308 | D:4      | Reached skill level 5 in Axes
  2326 | D:4      | 2326 ||| Stepping ~*~*~tactically~*~*~ (stealth).
  2348 | D:4      | Reached XP level 6. HP: 23/39 MP: 3/6
  2422 | D:4      | 2422 ||| Stepping ~*~*~tactically~*~*~ (stealth).
  2470 | D:4      | Identified the +3 leather armour "Vibosemy" {rPois Dex-2
                  | Slay+5}
  2475 | D:4      | 2475 ||| Stepping ~*~*~tactically~*~*~ (hiding).
  2488 | D:4      | HP: 9/39 [gnoll/+0 club[a gnoll bouda] (4)]
  2495 | D:4      | HP: 8/39 [gnoll/+0 spear[a gnoll bouda] (3)]
  2685 | D:4      | 2685 ||| READING 3 scrolls of enchant weapon.
  2685 | D:4      | 2685 ||| ENCHANTING +1 war axe.
  2686 | D:4      | 2686 ||| READING 2 scrolls of enchant weapon.
  2686 | D:4      | 2686 ||| ENCHANTING +2 war axe.
  2687 | D:4      | 2687 ||| READING scroll of enchant weapon.
  2687 | D:4      | 2687 ||| ENCHANTING +3 war axe.
  2781 | D:4      | 2781 ||| Stepping ~*~*~tactically~*~*~ (hiding).
  2782 | D:4      | 2782 ||| Stepping ~*~*~tactically~*~*~ (hiding).
  2840 | D:4      | Found a sparkling altar of Nemelex Xobeh.
  2906 | D:4      | Found a glowing golden altar of the Shining One.
  3042 | D:4      | 3042 ||| READING scroll labelled ENUSAU USCHIRR.
  3061 | D:5      | Entered Level 5 of the Dungeon
  3069 | D:5      | Noticed an ice beast
  3070 | D:5      | 3070 ||| Stepping ~*~*~tactically~*~*~ (stealth).
  3154 | D:5      | Killed an ice beast
  3155 | D:5      | Reached skill level 6 in Axes
  3155 | D:5      | Reached XP level 7. HP: 44/44 MP: 7/7
  3160 | D:5      | 3160 ||| Stepping ~*~*~tactically~*~*~ (stealth).
  3161 | D:5      | 3161 ||| Stepping ~*~*~tactically~*~*~ (stealth).
  3258 | D:5      | Reached skill level 1 in Dodging
  3347 | D:5      | Found a staircase to the Ecumenical Temple.
  3349 | D:5      | 3349 ||| PLANNING TEMPLE
  3349 | D:5      | 3349 ||| READING scroll labelled UWATTI HAOST.
  3372 | Temple   | Entered the Ecumenical Temple
  3392 | Temple   | 3392 ||| PLANNING OKAWARU WORSHIP
  3403 | Temple   | Became a worshipper of Warmaster Okawaru
  3404 | Temple   | 3404 ||| PLANNING D:1-11
  3404 | Temple   | 3404 ||| REMOVING amulet of guardian spirit.
  3608 | D:5      | 3608 ||| Stepping ~*~*~tactically~*~*~ (stealth).
  3609 | D:5      | 3609 ||| Stepping ~*~*~tactically~*~*~ (stealth).
  3611 | D:5      | 3611 ||| Stepping ~*~*~tactically~*~*~ (hiding).
  3764 | D:5      | Reached skill level 7 in Axes
  3782 | D:5      | Noticed a yak
  3795 | D:5      | Killed a yak
  3796 | D:5      | Reached XP level 8. HP: 23/50 MP: 8/8
  3891 | D:5      | 3891 ||| Stepping ~*~*~tactically~*~*~ (stealth).
  3909 | D:5      | 3909 ||| FLEEEEING.
  3910 | D:5      | 3910 ||| FLEEEEING.
  3911 | D:5      | 3911 ||| FLEEEEING.
  3912 | D:5      | 3912 ||| FLEEEEING.
  4042 | D:5      | 4042 ||| FLEEEEING.
  4043 | D:5      | 4043 ||| FLEEEEING.
  4044 | D:5      | 4044 ||| FLEEEEING.
  4092 | D:5      | Reached * piety under Okawaru
  4118 | D:5      | 4118 ||| INVOKING Heroism.
  4129 | D:5      | HP: 12/50 [electric eel/bolt of electricity (4)]
  4130 | D:5      | 4130 ||| FLEEEEING.
  4131 | D:5      | 4131 ||| FLEEEEING.
  4133 | D:5      | 4133 ||| FLEEEEING.
  4134 | D:5      | 4134 ||| FLEEEEING.
  4134 | D:5      | HP: 5/50 [electric eel/bolt of electricity (2)]
  4135 | D:5      | 4135 ||| FLEEEEING.
  4136 | D:5      | 4136 ||| FLEEEEING.
  4304 | D:5      | 4304 ||| Stepping ~*~*~tactically~*~*~ (stealth).
  4308 | D:5      | 4308 ||| FLEEEEING.
  4309 | D:5      | 4309 ||| FLEEEEING.
  4310 | D:5      | 4310 ||| FLEEEEING.
  4615 | D:5      | Found a burning altar of Makhleb.
  4773 | D:5      | Reached skill level 8 in Axes
  4890 | D:5      | 4890 ||| DROPPING +2 pair of gloves.
  4891 | D:5      | 4891 ||| READING 3 scrolls labelled NUIMPO BAET SAE.
  4992 | D:5      | 4992 ||| READING scroll labelled KUNGOPRO AKALY.
  4993 | D:5      | 4993 ||| DRINKING 3 pink potions.
  5037 | D:5      | 5037 ||| DROPPING 2 scrolls of silence.
  5131 | D:6      | 5131 ||| Stepping ~*~*~tactically~*~*~ (stealth).
  5133 | D:6      | 5133 ||| Stepping ~*~*~tactically~*~*~ (stealth).
  5137 | D:6      | Reached skill level 1 in Invocations
  5206 | D:6      | Noticed Maggie
  5207 | D:6      | 5207 ||| Stepping ~*~*~tactically~*~*~ (hiding).
  5209 | D:6      | 5209 ||| FLEEEEING.
  5210 | D:6      | 5210 ||| FLEEEEING.
  5211 | D:6      | 5211 ||| FLEEEEING.
  5212 | D:6      | 5212 ||| FLEEEEING.
  5213 | D:6      | 5213 ||| FLEEEEING.
  5214 | D:6      | 5214 ||| FLEEEEING.
  5215 | D:6      | 5215 ||| FLEEEEING.
  5216 | D:6      | 5216 ||| FLEEEEING.
  5217 | D:6      | 5217 ||| FLEEEEING.
  5218 | D:6      | 5218 ||| INVOKING Heroism.
  5220 | D:6      | 5220 ||| Stepping ~*~*~tactically~*~*~ (hiding).
  5226 | D:6      | HP: 12/51 [Maggie/+2 glaive of flaming (4)]
  5227 | D:6      | 5227 ||| READING scroll of teleportation.
  5295 | D:6      | 5295 ||| Stepping ~*~*~tactically~*~*~ (stealth).
  5299 | D:6      | 5299 ||| Stepping ~*~*~tactically~*~*~ (stealth).
  5348 | D:6      | 5348 ||| FLEEEEING.
  5349 | D:6      | 5349 ||| FLEEEEING.
  5350 | D:6      | 5350 ||| FLEEEEING.
  5353 | D:6      | 5353 ||| Stepping ~*~*~tactically~*~*~ (hiding).
  5365 | D:6      | HP: 9/51 [Maggie/+2 glaive of flaming (15)]
  5366 | D:6      | Reached skill level 6 in Fighting
  5370 | D:6      | Killed Maggie
  5371 | D:6      | Reached XP level 9. HP: 11/56 MP: 9/9
  5371 | D:6      | 5371 ||| FLEEEEING.
  5372 | D:6      | 5372 ||| INVOKING Heroism.
  5373 | D:6      | HP: 5/56 [wight/+0 battleaxe (7)]
  5375 | D:6      | Slain by a wight

Levels and vault maps discovered:
D:1:      lightli_arrival_farm, layout_basic, minmay_pentomino_u2
D:2:      layout_rooms, basic_altar, uniq_terence
D:3:      layout_basic, mainiacjoe_overflow_boulevard, uniq_ijyb
D:4:      layout_basic, nemelex_diamond_rough_becter, tso_oasis_becter
D:5:      cheibrodos_two_vegetables, layout_layer_cave,
          makhleb_heckhound_becter, minmay_temple_entry_large_hall
D:6:      layout_cave_pools, uniq_maggie, uniq_menkaure, uniq_edmund
Temple:   nicolae_temple_ecumenical_triangle

Skill      XL: |  1  2  3  4  5  6  7  8 |
---------------+-------------------------+-----
Axes           | 2 3 4 5 6 7 8 |  8.2
Fighting       | 4 5 6 |  6.5
Dodging        | 1 |  1.2
Invocations    | 1 |  1.2
Armour         | 5 |  5.3
Shields        | |  3.2

Action                     |  1- 3 |  4- 6 |  7- 9 || total
---------------------------+-------+-------+-------++-------
  Melee: War axe           |    86 |   125 |   147 ||   358
  Throw: Boomerang         |       |    15 |       ||    15
 Invoke: Heroism           |       |       |     3 ||     3
    Use: Scroll            |     3 |     7 |     4 ||    14
         Potion            |       |       |     1 ||     1
 Armour: Scale mail        |    36 |     3 |       ||    39
         Chain mail        |       |    63 |    77 ||   140
  Dodge: Dodged            |    50 |    46 |    55 ||   151
  Block: Buckler           |    14 |    23 |    18 ||    55

Table legend:
 A = Non-vault XP
 B = Vault XP
 C = Vault XP percentage of total XP
 D = Non-vault monster count
 E = Vault monster count
 F = Vault count percentage of total count
                 A         B        C        D         E       F
            +---------+---------+-------+---------+---------+-------
      Total |    1324 |    1058 |  44.4 |      91 |      14 |  13.3
            +---------+---------+-------+---------+---------+-------
        D:1 |      29 |       2 |   6.5 |      15 |       1 |   6.2
        D:2 |      28 |      36 |  56.2 |      10 |       1 |   9.1
        D:3 |      82 |      36 |  30.5 |      19 |       1 |   5.0
        D:4 |     312 |       0 |   0.0 |      22 |       0 |   0.0
        D:5 |     633 |     612 |  49.2 |      18 |      10 |  35.7
        D:6 |     240 |     372 |  60.8 |       7 |       1 |  12.5
            +---------+---------+-------+---------+---------+-------
